 Dungeon Crawl Stone Soup version 0.27-a0-931-g5a74e75d8f (webtiles) character file.

Game seed: 90461111465311676

77 Alarkh the Ruffian (level 4, 19/35 HPs)
             Began as a Demonspawn Gladiator on Apr 10, 2021.
             Got out of the dungeon alive.
             The game lasted 00:01:57 (1355 turns).

Alarkh the Ruffian (Demonspawn Gladiator)           Turns: 1355, Time: 00:01:58

Health: 19/35      AC:  8    Str: 15    XL:     4   Next: 14%
Magic:  4/4        EV: 12    Int: 10    God:
Gold:   29         SH:  0    Dex: 14    Spells: 3/3 levels left

rFire    . . .     SeeInvis .     - Unarmed
rCold    . . .     Faith    .   (no shield)
rNeg     . . .     Spirit   .   a - +0 leather armour
rPois    .         Reflect  .   b - +0 helmet
rElec    .         Harm     .   (no cloak)
rCorr    .         Rampage  .   (no gloves)
Will     .....                  (no boots)
Stlth    +.........             (no amulet)
HPRegen  0.11/turn              e - +4 ring of protection
MPRegen  0.09/turn              (no ring)

@: no status effects
A: spiny 1, demonic magic 1
a: no special abilities


You escaped.
You visited 1 branch of the dungeon, and saw 2 of its levels.

You collected 29 gold pieces.

Inventory:

Missiles
 c - 3 throwing nets (quivered)
 i - 14 poisoned darts
Armour
 a - a +0 leather armour (worn)
 b - a +0 helmet (worn)
Jewellery
 e - a +4 ring of protection (left hand)
Scrolls
 f - a scroll of torment {unknown}
 j - a scroll of brand weapon {unknown}
Potions
 d - a potion of curing {unknown}
 g - a potion of heal wounds {unknown}
 h - a potion of invisibility {unknown}


   Skills:
 + Level 3.0 Fighting
 - Level 1.7 Throwing
 - Level 2.6 Dodging
 * Level 4.0 Unarmed Combat


You had 3 spell levels left.
You didn't know any spells.
Your spell library contained the following spells:

 Spells                   Type           Power      Damage    Failure   Level
 Animate Skeleton         Necr           0%         N/A       43%         1
 Apportation              Tloc           0%         N/A       43%         1
 Corona                   Hex            0%         N/A       43%         1
 Summon Small Mammal      Summ           0%         N/A       43%         1


Dungeon Overview and Level Annotations

Branches:
Dungeon (2/15)

Altars:

Shops:
D:1 ==


Innate Abilities, Weirdness & Mutations

You are partially covered in sharp spines.
Spells you cast may paralyse adjacent enemies.


Message History

You hit the gnoll.
The gnoll is severely wounded.
The gnoll is struck by your spines. The gnoll hits you with a +0 whip.
You are too injured to fight recklessly!
You are too injured to fight recklessly!
You hit the gnoll but do no damage.
The gnoll is almost dead.
The gnoll is struck by your spines. The gnoll misses you.
You hit the gnoll.
You kill the gnoll!
Your Fighting skill increases to level 3!
Your Unarmed Combat skill increases to level 4!
You have reached level 4!
You feel stronger.
Your demonic ancestry asserts itself...
A menacing aura infuses your magic.
You hit the worm.
The worm is moderately wounded.
The worm is struck by your spines. The worm bites you.
You hit the worm.
The worm is moderately wounded.
You barely miss the worm.
The worm is moderately wounded.
The worm is struck by your spines. The worm barely misses you.
You hit the worm.
The worm is heavily wounded.
You hit the worm but do no damage.
The worm is heavily wounded.
The worm barely misses you.
You hit the worm.
The worm is severely wounded.
You completely miss the worm.
The worm is severely wounded.
The worm is struck by your spines.
You kill the worm!
There is a stone staircase leading up here.
You climb upwards.
There is a stone staircase leading down here.
There is a staircase leading out of the dungeon here.
Are you sure you want to leave the Dungeon?
This will make you lose the game!
You have escaped!

...>....'........###.....#
#.
........##...............#
#.
#'##....##...........#####
#. .....)._##...........#
#. .....⌠..##....♣......#
#. ........##.....8.....#
#∩ .......###...........#
#. .......# #...........#
#. .......# #......@....#
#. .......#
#...........###########.
.......#
#.......###.##........†.
.......#
#####..####+##..........
.....###
#........#..........
##.#.#
#........#..........
...#.#
#........#..........
####.#
#........#..........
####.#
#........#..........


There were no monsters in sight!

Vanquished Creatures
  An adder (D:2)
  2 gnolls (D:2)
  A worm (D:2)
  6 ball pythons
  6 bats
  3 endoplasms
  2 giant cockroaches (D:1)
  6 hobgoblins
  2 kobolds
  3 frilled lizards (D:1)
  5 goblins
  12 rats
49 creatures vanquished.

Notes
Turn   | Place    | Note
-------+----------+-------------------------------------------
     0 | D:1      | Alarkh the Demonspawn Gladiator began the quest for the
                  | Orb.
     0 | D:1      | Reached XP level 1. HP: 16/16 MP: 1/1
   281 | D:1      | Found a faded altar of an unknown god.
   293 | D:1      | Reached skill level 3 in Unarmed Combat
   303 | D:1      | Gained mutation: You are partially covered in sharp spines.
                  | [demonic ancestry]
   303 | D:1      | Reached XP level 2. HP: 13/22 MP: 2/2
   350 | D:1      | Found Toetiph's Jewellery Shop.
   514 | D:1      | Found Ucwiolaq's Jewellery Shop.
   779 | D:1      | Reached XP level 3. HP: 28/28 MP: 3/3
  1306 | D:2      | Reached skill level 4 in Unarmed Combat
  1306 | D:2      | Gained mutation: Spells you cast may paralyse adjacent
                  | enemies. [demonic ancestry]
  1306 | D:2      | Reached XP level 4. HP: 18/35 MP: 4/4
  1355 | D:$      | Got out of the dungeon alive.

Illustrated notes

Levels and vault maps discovered:
D:1:      wander_arrival_peaceful_grave, layout_basic, serial_shops, shop, shop,
          ebering_ecumenical_altar_abandoned, minmay_tree_intersection
D:2:      minmay_chambers_of_ones, layout_rooms, serial_glass, glass_columns_a,
          glass_columns_a, glass_columns_b, minmay_strange_pillars,
          minmay_strange_pillars, item_on_display_a

Skill      XL: |  1  2  3 |
---------------+----------+-----
Unarmed Combat | 3 4 |  4.0
Fighting       | 3 |  3.0
Throwing       | |  1.7
Dodging        | |  2.6

Action                   |  1- 3 |  4- 6 || total
-------------------------+-------+-------++-------
Melee: Unarmed           |   117 |     7 ||   124
Armor: Leather armour    |    25 |       ||    25
Dodge: Dodged            |    68 |     2 ||    70

Table legend: (Time is in decaauts)
 A = Elapsed time spent in this place.
 B = Non-inter-level travel time spent in this place.
 C = Inter-level travel time spent in this place.
 D = Time resting spent in this place.
 E = Time spent auto-exploring this place.
 F = Levels seen in this place.
 G = Mean time per level.
                   A        B        C        D        E       F      G
               +--------+--------+--------+--------+--------+-----+--------+
         Total |   1348 |   1288 |     60 |     70 |    948 |   2 |  674.0 |
       Dungeon |   1348 |   1288 |     60 |     70 |    948 |   2 |  674.0 |
               +--------+--------+--------+--------+--------+-----+--------+

Top non-repeatable levels by time:
     D:1: 913 daAuts
     D:2: 435 daAuts
